 Dungeon Crawl Stone Soup version 0.28.0-45-g0d030f2227 (console) character file.

Game seed: 16424690594658006112

409 Faeu the Chopper (level 6, -2/52 HPs)
             Began as a Minotaur Fighter on Apr 15, 2022.
             Slain by a shadow (12 damage)
             ... on level 4 of the Dungeon on Apr 19, 2022.
             The game lasted 00:13:25 (3433 turns).

Faeu the Chopper (Minotaur Fighter)                 Turns: 3433, Time: 00:13:26

Health: -2/52      AC:  8    Str: 23    XL:     6   Next: 58%
Magic:  5/5        EV: 10    Int:  5    God:
Gold:   176        SH:  4    Dex:  9    Spells: 5/5 levels left

rFire   . . .      SeeInvis .   a - +0 war axe {axe}
rCold   . . .      Faith    .   c - +0 buckler
rNeg    . . .      Spirit   .   b - +0 scale mail
rPois   .          Reflect  .   (helmet restricted)
rElec   .          Harm     .   (no cloak)
rCorr   .          Rampage  .   (no gloves)
Will    .....                   l - +0 pair of boots
Stlth   ..........              (no amulet)
HPRegen 0.17/turn               (no ring)
MPRegen 0.09/turn               (no ring)

@: mighty
A: horns 2, retaliatory headbutt
a: no special abilities


You were on level 4 of the Dungeon.
You visited 1 branch of the dungeon, and saw 5 of its levels.

You collected 176 gold pieces.


Innate Abilities, Weirdness & Mutations

You have a pair of horns on your head.
You reflexively headbutt those who attack you in melee.


   Skills:
 + Level 4.2 Fighting
 + Level 6.6 Axes
 + Level 5.2 Armour
 + Level 1.5 Dodging
 + Level 0.3 Stealth
 + Level 4.1 Shields


You had 5 spell levels left.
You didn't know any spells.
Your spell library contained the following spells:

 Spells                   Type           Power      Damage    Failure   Level
 Slow                     Hex            0%         N/A       86%         1
 Sting                    Tmut/Pois      0%         1d3       86%         1
 Poisonous Vapours        Pois/Air       0%         N/A       94%         2
 Confusing Touch          Hex            0%         N/A       99%         3
 Vampiric Draining        Necr           0%         2d6       99%         3
 Olgreb's Toxic Radiance  Pois           0%         N/A       100%        4

Inventory:

Hand Weapons
 a - a +0 war axe (weapon) {axe}
 i - a +0 short sword of speed {short}
   (You took it off a kobold on level 2 of the Dungeon)
 k - a +2 dagger of holy wrath {short}
   (You took it off a kobold on level 2 of the Dungeon)
 r - a +1 hand axe of flaming {axe}
   (You found it on level 3 of the Dungeon)
 s - a +1 dagger of venom {short}
   (You took it off an orc on level 3 of the Dungeon)
Armour
 b - a +0 scale mail (worn)
 c - a +0 buckler (worn)
 l - a +0 pair of boots (worn)
   (You found it on level 2 of the Dungeon)
 o - a +0 pair of gloves
   (You found it on level 2 of the Dungeon)
 y - a +0 robe of positive energy
   (You took it off an orc wizard on level 4 of the Dungeon)
Jewellery
 e - an amulet of the acrobat
   (You found it on level 1 of the Dungeon)
 x - a ring of magical power
   (You found it on level 4 of the Dungeon)
Wands
 z - a wand of flame (20)
   (You found it on level 4 of the Dungeon)
Scrolls
 f - a scroll of vulnerability {unknown}
 g - 2 scrolls of identify {unknown}
 m - a scroll of acquirement {unknown}
 n - a scroll of enchant weapon {unknown}
 p - a scroll of fear {unknown}
 q - 2 scrolls of teleportation {unknown}
 t - a scroll of enchant armour {unknown}
 v - a scroll of summoning {unknown}
 A - a scroll of noise {unknown}
Potions
 h - a potion of curing {@q1}
 j - a potion of flight {unknown}
 u - a potion of lignification {unknown}
 w - a potion of heal wounds {unknown}

Dungeon Overview and Level Annotations

Branches:
Dungeon (5/15)
 Temple: D:4-7

Altars:
Trog
Uskayaw

##############
#............#
#.##########.#
#..........#.########
#..####.............. #..#
#.##..........#
######..####.####.#####.##
#...โ€ ...#โ€ {..####.#
###.## #.####.##@#.....#.#
#..... #)# #.##{#.###.#.#
#.#.#. #.# #.##.#.# #.#.#
#.#... #.# #.##.#(# #.#.#
#.##.. #.#
#.##.#.###.#.###..... #.#
#.................... #.#
####.#.###...........
####.#######.#.#
#.########.#
#..............# #.# #.#
#.##.######.#.<# #.# #.#
#.##.# #....# #.# #.#


There were no monsters in sight!


Message History

Items here: )) รทรท.
Okay, then.
Done exploring. ๐Ÿ˜Ž HP[+8] Done exploring.
(D) Dungeon
Where to? (Enter - D:4, ? - help)
There is a stone staircase leading down here.
You climb downwards.
There is a stone staircase leading up here.
An orc comes into view. It is wielding a +0 hand axe.
The orc shouts!
The orc moves out of view.
You see here 11 gold pieces.
You now have 176 gold pieces (gained 11).
You barely miss the orc. You headbutt the orc.
The orc hits you but does no damage.
You closely miss the orc. The orc barely misses you.
You hit the orc. Your headbutt misses the orc. You block the orc's attack.
You hit the orc.
You kill the orc!
You see here a +0 hand axe {axe}.
A - a scroll labelled YDAOFO SAIREKUECH A shadow comes into view.
You see here 30 arrows.
The shadow slips into darkness.
The shadow flickers and vanishes!
Deactivating autopickup; reactivate with Ctrl-A.
There is a stone staircase leading up here.
A hound comes into view.
The hound barks!
You barely miss something.
The shadow strikes at you from the darkness!
Reactivating autopickup.
You hit the shadow.
You headbutt the shadow, but do no damage.
The shadow hits you.
A sky beast comes into view.
You closely miss the shadow.
You headbutt the shadow, but do no damage.
The shadow hits you! You block the hound's attack.
The shadow slips into darkness.
The shadow flickers and vanishes!
Deactivating autopickup; reactivate with Ctrl-A. ๐Ÿ˜• HP[-8]
You take 8 damage, and now have 44/52 hp.
You miss something. You barely miss the hound.
The hound bites you but does no damage.
The shadow strikes at you from the darkness!
Reactivating autopickup.
The hound closely misses you. ๐Ÿ˜ฎ HP[-12]
You take 12 damage, and now have 32/52 hp.
MASSIVE DAMAGE!! (PAUSE)
You can't go up here!
The shadow closely misses you.
The hound closely misses you. ๐Ÿ˜ฎ HP[+1]
The shadow slips into darkness.
The shadow flickers and vanishes!
Deactivating autopickup; reactivate with Ctrl-A.
The shadow strikes at you from the darkness!
* * * LOW HITPOINT WARNING * * *
Reactivating autopickup.
The hound misses you. ๐Ÿ˜จ HP[-9]
You take 9 damage, and now have 24/52 hp.
The hound barely misses you. You furiously retaliate!
You headbutt the hound. The shadow hits you.
* * * LOW HITPOINT WARNING * * *
There is a stone staircase leading up here. ๐Ÿ˜จ HP[-6]
You take 6 damage, and now have 18/52 hp.
You block the hound's attack. The sky beast closely misses you.
The shadow barely misses you. The hound bites you but does no damage.
You climb upwards.
There is a stone staircase leading down here.
Okay, then.
It was a potion of curing.
You feel better. The sky beast barely misses you.
The hound bites you but does no damage. The shadow hits you.
* * * LOW HITPOINT WARNING * * *
๐Ÿ˜จ HP[+5]
You regained 5 hp, and now have 23/52 hp.
You feel very mighty all of a sudden. You block the hound's attack.
The sky beast hits you.
* * * LOW HITPOINT WARNING * * *
The sky beast shocks you.
* * * LOW HITPOINT WARNING * * *
The shadow hits you.
The hound barely misses you. ๐Ÿ˜จ HP[-8]
You take 8 damage, and now have 15/52 hp.
You barely miss the sky beast. Your headbutt misses the sky beast.
You slash the hound! You hit the shadow. The sky beast barely misses you.
The hound bites you.
* * * LOW HITPOINT WARNING * * *
The shadow slips into darkness.
The shadow flickers and vanishes!
Deactivating autopickup; reactivate with Ctrl-A. ๐Ÿ˜ฑ HP[-5]
You take 5 damage, and now have 10/52 hp.
You closely miss the sky beast. You hit the hound.
You kill the hound!
You hit something.
The sky beast flickers out of sight!
Something hits you but does no damage.
The shadow strikes at you from the darkness!
You die...

Skill      XL: |  1  2  3  4  5  6 |
---------------+-------------------+-----
Armour         | 4 5 |  5.2
Fighting       | 4 |  4.2
Axes           | 3 4 5 6 |  6.6
Shields        | 4 |  4.1
Dodging        | 1 |  1.5
Stealth        | |  0.3

Action                   |  1- 3 |  4- 6 || total
-------------------------+-------+-------++-------
Melee: War axe           |    79 |   127 ||   206
       Headbutt          |     5 |    16 ||    21
  Use: Potion            |       |     2 ||     2
Armor: Scale mail        |    46 |    58 ||   104
Dodge: Dodged            |    34 |    64 ||    98
Block: Buckler           |    20 |    30 ||    50

Levels and vault maps discovered:
D:1:      dpeg_arrival_pond, layout_loops_ring, shapermc_ecumenical_altar_venn,
          serial_bayou_lake_a
D:2:      layout_basic
D:3:      layout_rooms, dancing_weapons_uskayaw, uniq_natasha
D:4:      layout_loops_ring, marbit_many_paths
D:5:      layout_layer_cave, jmf_multi_god_temple2

Notes
Turn   | Place    | Note
-------+----------+-------------------------------------------
     0 | D:1      | Faeu the Minotaur Fighter began the quest for the Orb.
     0 | D:1      | Reached XP level 1. HP: 19/19 MP: 0/0
     0 | D:1      | magus.rc [v1.9.6]
     5 | D:1      | magus.rc [v1.9.6]
   213 | D:1      | Found a faded altar of an unknown god.
   225 | D:1      | Reached skill level 4 in Armour
   225 | D:1      | Reached XP level 2. HP: 23/27 MP: 1/1
  1044 | D:2      | magus.rc [v1.9.6]
  1284 | D:2      | Reached skill level 4 in Fighting
  1296 | D:2      | magus.rc [v1.9.6]
  1445 | D:2      | Reached XP level 3. HP: 33/33 MP: 2/2
  1547 | D:2      | Reached skill level 3 in Axes
  1646 | D:3      | Reached skill level 4 in Shields
  1650 | D:3      | Noticed a +0 dagger
  1659 | D:3      | Found a hide-covered altar of Uskayaw.
  1659 | D:3      | Noticed a +0 dagger
  1664 | D:3      | Noticed Natasha
  1672 | D:3      | Killed Natasha
  1673 | D:3      | Reached skill level 1 in Dodging
  1673 | D:3      | Reached XP level 4. HP: 34/40 MP: 3/3
  1685 | D:3      | Reached skill level 4 in Axes
  1786 | D:3      | You add the spells Sting, Poisonous Vapours and Olgreb's
                  | Toxic Radiance to your library.
  1849 | D:3      | Noticed Natasha
  1857 | D:3      | Killed Natasha
  1858 | D:3      | Reached XP level 5. HP: 39/46 MP: 4/4
  1859 | D:3      | Reached skill level 5 in Axes
  2233 | D:3      | Noticed Natasha
  2344 | D:3      | Killed Natasha
  2613 | D:4      | Reached XP level 6. HP: 45/52 MP: 5/5
  2673 | D:4      | You pick up a book of Debilitation and begin reading...
  2673 | D:4      | You add the spells Slow, Vampiric Draining and Confusing
                  | Touch to your library.
  2767 | D:4      | Reached skill level 6 in Axes
  2915 | D:4      | Found a bloodstained altar of Trog.
  3269 | D:4      | Reached skill level 5 in Armour
  3388 | D:5      | Entered Level 5 of the Dungeon
  3405 | D:5      | Noticed a shadow
  3420 | D:5      | Noticed a sky beast
  3432 | D:4      | HP: 10/52 [hound (5)]
  3433 | D:4      | Slain by a shadow

Vanquished Creatures
  A jelly (D:3)
  3 hounds (D:4)
  A centaur skeleton (D:3)
  Natasha (thrice) (D:3)
  An iguana (D:4)
  An orc wizard (D:4)
  9 adders
  2 worms (D:4)
  2 dart slugs
  16 orcs
  5 ball pythons
  3 bats
  An endoplasm (D:1)
  6 giant cockroaches
  3 goblins
  3 hobgoblins (D:4)
  2 quokkas
  7 kobolds
  6 rats
75 creatures vanquished.

Vanquished Creatures (others)
  2 plants (D:1)
2 creatures vanquished.

Grand Total: 77 creatures vanquished

Table legend:
 A = Non-vault XP
 B = Vault XP
 C = Vault XP percentage of total XP
 D = Non-vault monster count
 E = Vault monster count
 F = Vault count percentage of total count
                 A         B        C        D         E       F
            +---------+---------+-------+---------+---------+-------
      Total |     590 |      38 |   6.1 |      73 |       2 |   2.7
            +---------+---------+-------+---------+---------+-------
        D:1 |      22 |       0 |   0.0 |      13 |       0 |   0.0
        D:2 |      40 |       0 |   0.0 |      16 |       0 |   0.0
        D:3 |     240 |      36 |  13.0 |      18 |       1 |   5.3
        D:4 |     285 |       2 |   0.7 |      25 |       1 |   3.8
        D:5 |       3 |       0 |   0.0 |       1 |       0 |   0.0
            +---------+---------+-------+---------+---------+-------

Illustrated notes

Table legend:
 A = Kills in this place as a percentage of kills in entire the game.
 B = Kills by you in this place as a percentage of kills by you in the entire game.
 C = Kills by friends in this place as a percentage of kills by friends in the entire game.
 D = Other kills in this place as a percentage of other kills in the entire game.
 E = Experience gained in this place as a percentage of experience gained in the entire game.
 F = Experience gained in this place divided by the number of levels of this place that you have seen.
                   A       B       C       D       E      F
               +-------+-------+-------+-------+-------+----------------------
         Total | 100.0 | 100.0 |   N/A |   N/A | 100.0 | 125.6
       Dungeon | 100.0 | 100.0 |   N/A |   N/A | 100.0 | 125.6
               +-------+-------+-------+-------+-------+----------------------

Table legend: (Time is in decaauts)
 A = Elapsed time spent in this place.
 B = Non-inter-level travel time spent in this place.
 C = Inter-level travel time spent in this place.
 D = Time resting spent in this place.
 E = Time spent auto-exploring this place.
 F = Levels seen in this place.
 G = Mean time per level.
                   A        B        C        D        E       F      G
               +--------+--------+--------+--------+--------+-----+--------+
         Total |   3545 |   3466 |     79 |      0 |   2575 |   5 |  709.0 |
       Dungeon |   3545 |   3466 |     79 |      0 |   2575 |   5 |  709.0 |
               +--------+--------+--------+--------+--------+-----+--------+

Top non-repeatable levels by time:
     D:4: 1003 daAuts
     D:1: 999 daAuts
     D:3: 833 daAuts
     D:2: 666 daAuts
     D:5: 42 daAuts
